 Seeded DCSS version 0.28-a0-1130-gc51a68064b (webtiles) character file.

Game seed: 8197062223022065933 (custom seed)

10 croobank the Sneak (level 2, -1/24 HPs)
             Began as a Formicid Delver on Dec 12, 2021.
             Succumbed to an adder's poison
             ... on level 6 of the Dungeon.
             The game lasted 00:04:02 (249 turns).

croobank the Sneak (Formicid Delver)                 Turns: 249, Time: 00:04:03

Health: -1/24      AC:  3    Str: 16    XL:     2   Next: 30%
Magic:  2/2        EV: 11    Int:  9    God:
Gold:   0          SH:  0    Dex: 12    Spells: 1/1 levels left

rFire   . . .      SeeInvis +   a - +0 hand axe
rCold   . . .      Faith    .   (no shield)
rNeg    . . .      Spirit   .   b - +0 leather armour
rPois   .          Reflect  .   (helmet unavailable)
rElec   .          Harm     .   (no cloak)
rCorr   .          Rampage  .   (no gloves)
Will    .....                   (no boots)
Stlth   +++.......              (no amulet)
HPRegen 0.08/turn               (no ring)
MPRegen 0.08/turn               (no ring)

@: lethally poisoned (-1 -> -4)
A: permanent stasis, dig shafts and tunnels, antennae 3, four strong arms
a: Dig, Shaft Self


You were on level 6 of the Dungeon.
You visited 1 branch of the dungeon, and saw 2 of its levels.

Inventory:

Hand Weapons
 a - a +0 hand axe (weapon)
Armour
 b - a +0 leather armour (worn)
Wands
 f - a wand of digging (3)
Scrolls
 c - a scroll of fog
 g - a scroll of identify {unknown}


   Skills:
 + Level 3.4 Fighting
 + Level 2.2 Axes
 + Level 2.0 Dodging
 + Level 6.1 Stealth


You had one spell level left.
You didn't know any spells.
Your spell library was empty.

Dungeon Overview and Level Annotations

Branches:
Dungeon (6/15)
 Temple: D:4-7

Altars:


Innate Abilities, Weirdness & Mutations

You cannot be hasted, slowed, berserked, paralysed or teleported.
You can dig through walls and to a lower floor.
You have a pair of large antennae on your head. (SInv)
Your four strong arms can wield two-handed weapons with a shield.


Message History

The adder bites you.
You barely miss the adder.
The adder is moderately wounded.
The adder bites you. The adder barely misses you.
You barely miss the adder.
The adder is moderately wounded.
The adder barely misses you.
You closely miss the adder.
The adder is moderately wounded.
The adder bites you.
You are poisoned.
The adder poisons you! The adder bites you.
You closely miss the adder.
The adder is moderately wounded.
You feel sick. The adder closely misses you.
You hit the adder.
The adder is almost dead.
You feel sick. The adder bites you.
You are more poisoned.
The adder poisons you! The adder bites you.
* * * LOW HITPOINT WARNING * * *
You closely miss the adder.
The adder is almost dead.
* * * LOW HITPOINT WARNING * * *
You feel sick. The adder barely misses you.
You aren't carrying any potions.
Okay, then.
As you read the scroll of magic mapping, it crumbles to dust.
You feel aware of your surroundings.
You sensed 5 altars.
* * * LOW HITPOINT WARNING * * *
You feel sick. The adder closely misses you. The adder barely misses you.
Unknown command.
You hit the adder.
The adder is almost dead.
* * * LOW HITPOINT WARNING * * *
You feel sick. The adder bites you.
* * * LOW HITPOINT WARNING * * *
You closely miss the adder.
The adder is almost dead.
You die...

,,,,**,,,,,,,,,,,,,*,,,,,,****,,,
,,,,**,,,,,,.......####.,,,,,*,,,
,,,,,,,,,,,,,...........,,,,,,,,,
,,,,,,,,,,**##....#.....,,,,,,,,,
,,,,,,,,,,* #...........,,,,,,,,,
,,,,,...,,* #.........,,,,,,,,,,,
,,,,.....** #.......#***,,,,,,***
,,,......####.......####,,,,,,* *
**#.............@S......,********
#.....................,,,,,,,,,
#.....................,,,,,,,,,
**#.....................,,,,,,,,,
,*#.....................,,,,,,,,,
,*#..........#####......,,,,,,,,,
,,..........#####,......,,,,,,,,,
,,,..##................#***,,,,,,
,,,,,*#.<.........,....,,,,,,,,,,


You could see an adder.

Vanquished Creatures
  A howler monkey zombie (D:5)
1 creature vanquished.

Notes
Turn   | Place    | Note
-------+----------+-------------------------------------------
     0 | D:5      | croobank the Formicid Delver began the quest for the Orb.
     0 | D:5      | Reached XP level 1. HP: 18/18 MP: 1/1
    28 | D:5      | Reached XP level 2. HP: 11/24 MP: 2/2
   248 | D:6      | HP: 1/24 [adder (1)]
   249 | D:6      | Succumbed to an adder's poison

Illustrated notes

Levels and vault maps discovered:
D:5:      layout_loops_ring, led_sif_pool, hangedman_glass_teeth, uniq_eustachio
D:6:      minmay_thinvault, layout_basic, chequers_temple_overflow_minitemple,
          kennysheep_generic_room_14

Skill      XL: |  1 |
---------------+----+-----
Dodging        | 2 |  2.0
Fighting       | |  3.4
Axes           | |  2.2
Stealth        | |  6.1

Action                   || total
-------------------------++-------
Melee: Hand axe          ||    24
 Abil: Dig               ||     3
  Use: Scroll            ||     2
Armor: Leather armour    ||     6
Dodge: Dodged            ||    14

Table legend: (Time is in decaauts)
 A = Elapsed time spent in this place.
 B = Non-inter-level travel time spent in this place.
 C = Inter-level travel time spent in this place.
 D = Time resting spent in this place.
 E = Time spent auto-exploring this place.
 F = Levels seen in this place.
 G = Mean time per level.
                   A        B        C        D        E       F      G
               +--------+--------+--------+--------+--------+-----+--------+
         Total |    254 |    254 |      0 |    154 |      0 |   2 |  127.0 |
       Dungeon |    254 |    254 |      0 |    154 |      0 |   2 |  127.0 |
               +--------+--------+--------+--------+--------+-----+--------+

Top non-repeatable levels by time:
     D:5: 229 daAuts
     D:6: 25 daAuts
